 Dungeon Crawl Stone Soup version 0.26-a0-812-g31a745ddcd (webtiles) character file.

Game seed: 4144865282061888978

1038 kae the Insei (level 8, -3/38 HPs)
             Began as a Tengu Transmuter on Nov 16, 2020.
             Was a Follower of Hepliaklqana.
             Killed by nerve-wracking pain
             ... invoked by a shadow imp
              (14 damage)
             ... on level 6 of the Dungeon.
             The game lasted 00:05:48 (8600 turns).

kae the Insei (Tengu Transmuter)                    Turns: 8600, Time: 00:05:49

Health: -3/38      AC:  4    Str: 12    XL:     8   Next: 24%
Magic:  4/12       EV: 15    Int: 14    God:    Hepliaklqana [*.....]
Gold:   216        SH:  0    Dex: 15    Spells: 2/11 levels left

rFire    . . .     SeeInvis .     - Unarmed
rCold    . . .     Faith    .   (shield currently unavailable)
rNeg     . . .     Spirit   .   a - +0 robe
rPois    .         Reflect  .   (helmet restricted)
rElec    .         Harm     .   m - +1 cloak
rCorr    .         Rampage  .   (gloves currently unavailable)
MR       .....                  (boots unavailable)
Stlth    +.........             (no amulet)
HPRegen  0.12/turn              (no ring)
MPRegen  0.13/turn              (no ring)

@: blade hands, flying quickly and evasively, very slightly contaminated, quick
A: reduced essence, beak, talons 3, able to fly
a: Stop Flying, End Transformation, Recall Ancestor, Ancestor Identity, Renounce
Religion


You were on level 6 of the Dungeon.
You worshipped Hepliaklqana.
Hepliaklqana was aware of your devotion.
You had blades for hands.
You visited 2 branches of the dungeon, and saw 7 of its levels.

You collected 216 gold pieces.

Inventory:

Armour
 a - a +0 robe (worn)
 g - a scarf of resistance
 m - a +1 cloak (worn)
 s - a scarf of invisibility
Jewellery
 d - an uncursed ring of ice {unknown}
 k - an uncursed ring of positive energy
 r - an uncursed amulet of regeneration {unknown}
Wands
 c - a wand of polymorph (6)
 i - a wand of iceblast (8)
 t - a wand of flame (42)
Scrolls
 j - 3 scrolls of identify
 o - a scroll of enchant armour
 p - a scroll of immolation {unknown}
 q - a scroll of noise {unknown}
 v - a scroll of teleportation {unknown}
 w - a scroll of amnesia
 x - a scroll of fear
 y - a scroll of magic mapping
Potions
 b - a potion of resistance
 e - 3 potions of flight
 f - 2 potions of heal wounds
 h - a potion of lignification
 l - a potion of attraction {unknown}
 n - a potion of might {unknown}
 u - a potion of haste {unknown}
 z - a potion of magic {unknown}


   Skills:
 - Level 1.0 Fighting
 - Level 2.1 Dodging
 + Level 6.7 Unarmed Combat
 - Level 2.0 Spellcasting
 * Level 6.6 Transmutations


You had 2 spell levels left.
You knew the following spells:

 Your Spells              Type           Power        Failure   Level
a - Beastly Appendage     Tmut           ###...       19%         1
b - Spider Form           Tmut/Pois      ##........   61%         3
c - Blade Hands           Tmut           ###.......   82%         5

Your spell library contained the following spells:

 Spells                   Type           Power        Failure   Level
 Wereblood                Tmut           ###.....     22%         2
 Freeze                   Ice            #...         67%         1
 Ice Form                 Ice/Tmut       ##......     88%         4
 Petrify                  Tmut/Erth      ##......     88%         4
 Confusing Touch          Hex            #.......     90%         3
 Frozen Ramparts          Ice            #.....       90%         3
 Gell's Gravitas          Tloc           #.........   90%         3
 Ozocubu's Armour         Ice            #.......     90%         3
 Hailstorm                Conj/Ice       #.......     99%         4
 Summon Ice Beast         Ice/Summ       #.......     99%         4
 Yara's Violent Unravell  Hex/Tmut       ##........   99%         5
 Metabolic Englaciation   Hex/Ice        #.........   100%        5


Dungeon Overview and Level Annotations

Branches:
Dungeon (6/15)             Temple (1/1) D:5

Altars:
Ashenzari
Cheibriados
Dithmenos
Elyvilon
Fedhas
Gozag
Hepliaklqana
Kikubaaqudgha
Makhleb
Nemelex Xobeh
Okawaru
Qazlal
Ru
Sif Muna
Trog
Vehumet
Wu Jian
Xom
Yredelemnul
Zin
The Shining One

Shops:
D:5 [


Innate Abilities, Weirdness & Mutations

You have a beak for a mouth.
You have claws for feet.
You can fly continuously.
Your life essence is reduced to manifest your ancestor. (-10% HP)


Message History

You are very lightly contaminated with residual magic.
Nothing appears to happen.
Casting: Spider Form (quite dangerous; 19% risk of failure)
Confirm with . or Enter, or press ? or * to list all spells.
The spell is potentially lethal to cast (41% risk of failure)!
Continue anyway? [Y]es or [N]o only, please.
The spell is potentially lethal to cast (41% risk of failure)!
Continue anyway? [Y]es or [N]o only, please.
The spell is potentially lethal to cast (41% risk of failure)!
Continue anyway?
Your horns disappear.
Your hands turn into razor-sharp scythe blades.
The orc priest calls down the wrath of Beogh upon you.
Beogh smites you!
* * * LOW HITPOINT WARNING * * *
The orc wizard gestures wildly while chanting.
The orc wizard flickers and vanishes!
Deactivating autopickup; reactivate with Ctrl-A.
The shadow imp gestures at you. Pain shoots through your body!
You die...

#.......# ##.......## ##
.......... .. .....
#.......# #. ##.....
###.......# ##. .......
..........# ##.. .......##
#.......# #... .....#..#
####.......# ##.##
...?.#..###@.........###..##
.......o{B5.##......>.....##
.......oo#########.###.....#
...#(....# #..##.###..
#..#..# ##.#..##...
#..#..#########.........
#..#...[...#.......##...
#..#.....#...##.#...)...
##..#..#....###.#....##.


You could see a worker ant, 2 orc priests, a shadow imp and an orc.

Vanquished Creatures
  An ice beast (D:6)
  A phantom (D:5)
  A centaur (D:4)
  2 bullfrogs (D:6)
  Blork the orc (D:5)
  A scorpion (D:5)
  A bullfrog zombie (D:5)
  3 hounds (D:5)
  Crazy Yiuf (D:3)
  Ijyb (D:3)
  Natasha (thrice) (D:4)
  3 worker ants
  A howler monkey skeleton (D:4)
  2 gnolls (D:1)
  8 adders
  An ufetubus (D:6)
  2 oozes
  An adder skeleton (D:4)
  A worm (D:3)
  A dart slug (D:3)
  A leopard gecko (D:3)
  11 orcs
  6 giant cockroaches
  7 goblins
  10 hobgoblins
  4 jackals (D:2)
  11 kobolds
  2 quokkas
  6 bats
  4 frilled lizards
  A jackal zombie (D:5)
  A leopard gecko skeleton (D:4)
  A quokka skeleton (D:4)
  10 rats
111 creatures vanquished.

Notes
Turn   | Place    | Note
-------+----------+-------------------------------------------
     0 | D:1      | kae the Tengu Transmuter began the quest for the Orb.
     0 | D:1      | Reached XP level 1. HP: 12/12 MP: 4/4
    72 | D:1      | Reached XP level 2. HP: 10/16 MP: 4/6
   512 | D:2      | Reached XP level 3. HP: 11/20 MP: 5/7
   667 | D:2      | Learned a level 3 spell: Spider Form
   691 | D:2      | Found a sparkling altar of Nemelex Xobeh.
  1026 | D:1      | Reached XP level 4. HP: 8/25 MP: 8/8
  2721 | D:3      | Noticed Ijyb
  2732 | D:3      | Killed Ijyb
  2732 | D:3      | Gained mutation: You can fly continuously. [Tengu growth]
  2732 | D:3      | Reached XP level 5. HP: 15/29 MP: 2/9
  3694 | D:3      | Found an ancient bone altar of Kikubaaqudgha.
  3714 | D:3      | Found a white marble altar of Elyvilon.
  3904 | D:3      | Found a runed translucent door.
  3905 | D:3      | Noticed Crazy Yiuf
  4430 | D:3      | Killed Crazy Yiuf
  4783 | D:4      | Reached XP level 6. HP: 20/34 MP: 10/10
  4792 | D:4      | Reached skill level 5 in Unarmed Combat
  5239 | D:4      | Noticed Natasha
  5249 | D:4      | Killed Natasha
  5683 | D:4      | Noticed Natasha
  5690 | D:4      | Killed Natasha
  6048 | D:4      | Noticed Natasha
  6060 | D:4      | Killed Natasha
  6060 | D:4      | Reached skill level 5 in Transmutations
  6060 | D:4      | Reached XP level 7. HP: 25/38 MP: 11/11
  6495 | D:5      | Entered Level 5 of the Dungeon
  6495 | D:5      | Found a staircase to the Ecumenical Temple.
  6506 | Temple   | Entered the Ecumenical Temple
  6660 | Temple   | Became a worshipper of Hepliaklqana the Forgotten
  6690 | D:5      | Learned a level 5 spell: Blade Hands
  6960 | D:5      | Noticed Blork the orc
  6968 | D:5      | Killed Blork the orc
  8001 | D:5      | Found Gaesh's Antique Armour Emporium.
  8171 | D:6      | Reached XP level 8. HP: 30/38 MP: 6/12
  8577 | D:6      | Reached * piety under Hepliaklqana
  8600 | D:6      | Killed from afar by a shadow imp

Illustrated notes

Levels and vault maps discovered:
D:1:      dpeg_arrival_more_subterranean_lakeside_camping, layout_rooms,
          minivault_26, minmay_misc_feat_square
D:2:      layout_loops_corners, nemelex_xobeh_ov_fountains_minmay
D:3:      layout_basic, lemuel_crystal_altar, overflow_temple_1_default,
          uniq_crazy_yiuf_cottage, uniq_ijyb
D:4:      layout_loops_ring, st_stairs_10, minmay_statues_item,
          kennysheep_potato, uniq_natasha
D:5:      layout_loops_corners, minmay_temple_entry_stoned_glass, serial_shops,
          shop, uniq_blork_the_orc
D:6:      layout_rooms
Temple:   regret_index_temple_mists

Skill      XL: |  1  2  3  4  5  6  7 |
---------------+----------------------+-----
Transmutations | 2 3 4 5 6 |  6.6
Unarmed Combat | 4 5 6 |  6.7
Fighting       | |  1.0
Dodging        | |  2.1
Spellcasting   | |  2.0

Action                   |  1- 3 |  4- 6 |  7- 9 || total
-------------------------+-------+-------+-------++-------
Melee: Unarmed           |    65 |   176 |    91 ||   332
       Kick              |    12 |    35 |    26 ||    73
       Peck              |     7 |    29 |    11 ||    47
       Headbutt          |     7 |    19 |    13 ||    39
       Punch             |       |     2 |     3 ||     5
 Cast: Beastly Appendage |    17 |    36 |    15 ||    68
       Spider Form       |       |     4 |     2 ||     6
       Blade Hands       |       |       |     1 ||     1
 Abil: Fly               |       |     1 |       ||     1
  Use: Scroll            |     1 |     8 |       ||     9
       Potion            |       |     1 |     1 ||     2
Armor: Robe              |    22 |    19 |    12 ||    53
Dodge: Dodged            |    56 |   108 |    90 ||   254

Table legend: (Time is in decaauts)
 A = Elapsed time spent in this place.
 B = Non-inter-level travel time spent in this place.
 C = Inter-level travel time spent in this place.
 D = Time resting spent in this place.
 E = Time spent auto-exploring this place.
 F = Levels seen in this place.
 G = Mean time per level.
                   A        B        C        D        E       F      G
               +--------+--------+--------+--------+--------+-----+--------+
         Total |   8293 |   8100 |    193 |    455 |   6681 |   7 | 1184.7 |
       Dungeon |   8139 |   7989 |    150 |    455 |   6572 |   6 | 1356.5 |
        Temple |    154 |    112 |     42 |      0 |    108 |   1 |  154.0 |
               +--------+--------+--------+--------+--------+-----+--------+

Top non-repeatable levels by time:
     D:3: 1885 daAuts
     D:4: 1839 daAuts
     D:2: 1531 daAuts
     D:5: 1404 daAuts
     D:1: 1036 daAuts
     D:6: 442 daAuts
  Temple: 154 daAuts
